Map: Frozen Temple

Players

Gemini - Winner!

  • Race: Protoss Protoss
  • League: Master

A.I. 1 (Very Easy)

  • Race: Zerg Zerg

VOD

Have the link to the VOD?

Description

Time

  • Played on: Oct. 2, 2016, 9:13 p.m.
  • Length: 7:44
Show
View Real Time Build Order
Export as new Build Order

Gemini Protoss - Winner!

Build Orders: 1 Gate Expand 

Get SALT Encoding   

  12  0:01  Probe (Chrono Boost)  
  13  0:11  Probe (Chrono Boost)  
  14  0:17  Pylon  
  14  0:22  Probe (Chrono Boost)  
  16  0:35  Probe (Chrono Boost)  
  16  0:37  Gateway  
  16  0:43  Assimilator  
  16  0:47  Probe (Chrono Boost)  
  17  0:57  Probe (Chrono Boost)  
  18  1:08  Probe (Chrono Boost)  
  19  1:20  Nexus  
  19  1:23  Probe (Chrono Boost)  
  20  1:33  Cybernetics Core  
  20  1:37  Probe (Chrono Boost)  
  21  1:45  Assimilator  
  21  1:48  Probe (Chrono Boost)  
  21  1:53  Pylon  
  22  1:58  Probe (Chrono Boost)  
  23  2:07  Adept  
  23  2:10  Warp Gate  
  23  2:13  Probe (Chrono Boost)  
  26  2:23  Twilight Council  
  26  2:25  Probe (Chrono Boost)  
  27  2:33  Adept, Probe (Chrono Boost)  
  31  2:37  Probe (Chrono Boost)  
  32  2:44  Probe (Chrono Boost)  
  32  2:46  Resonating Glaives  
  32  2:49  Probe (Chrono Boost)  
  33  2:54  Probe (Chrono Boost)  
  34  3:01  Probe (Chrono Boost)  
  35  3:05  Gateway  
  35  3:10  Gateway  
  35  3:12  Adept  
  35  3:19  Probe (Chrono Boost)  
  39  3:21  Probe (Chrono Boost)  
  39  3:31  Probe (Chrono Boost)  
  40  3:34  Pylon  
  40  3:36  Adept  
  42  3:44  Probe (Chrono Boost)  
  42  3:45  Probe (Chrono Boost)  
  44  3:51  Nexus  
  46  3:57  Probe x2 (Chrono Boost)  
  46  4:00  Pylon  
  46  4:08  Probe (Chrono Boost)  
  46  4:09  Probe (Chrono Boost)  
  48  4:15  Adept x3  
  54  4:22  Probe (Chrono Boost)  
  54  4:23  Probe (Chrono Boost)  
  56  4:24  Robotics Facility  
  56  4:31  Assimilator x2  
  56  4:33  Pylon  
  56  4:37  Probe (Chrono Boost)  
  58  4:40  Mothership Core (Chrono Boost)  
  59  4:46  Sentry  
  61  4:53  Sentry x2  
  61  4:57  Probe (Chrono Boost)  
  61  4:59  Probe (Chrono Boost)  
  67  5:00  Pylon  
  67  5:05  Probe (Chrono Boost)  
  68  5:07  Immortal  
  68  5:09  Probe x2 (Chrono Boost)  
  68  5:11  Sentry  
  76  5:19  Gateway  
  76  5:24  Gateway  
  76  5:25  Gateway  
  76  5:27  Sentry x2  
  80  5:29  Probe (Chrono Boost)  
  80  5:30  Probe (Chrono Boost)  
  80  5:32  Probe (Chrono Boost)  
  80  5:35  Sentry  
  85  5:39  Probe (Chrono Boost)  
  87  5:42  Probe (Chrono Boost)  
  87  5:43  Probe (Chrono Boost)  
  87  5:44  Gateway  
  87  5:45  Gateway  
  87  5:48  Warp Prism  
  87  5:49  Pylon  
  90  5:58  Pylon  
  90  5:59  Probe x2 (Chrono Boost)  
  90  6:01  Probe (Chrono Boost)  
  93  6:09  Adept x2  
  93  6:10  Pylon  
  97  6:14  Probe x2 (Chrono Boost)  
  97  6:15  Probe (Chrono Boost)  
  97  6:16  Adept  
  97  6:17  Adept  
  104  6:21  Adept  
  104  6:22  Adept  
  108  6:26  Pylon  
  108  6:27  Observer  
  108  6:32  Adept x2  
  113  6:39  Pylon  
  113  6:40  Pylon  
  113  6:41  Pylon  
  113  6:42  Adept x2  
  113  6:45  Adept  
  119  7:00  Adept x5  
  129  7:03  Adept  
  129  7:04  Adept  
  133  7:16  Pylon  
  133  7:17  Pylon  
  133  7:19  Adept  
  133  7:22  Adept x5  
  145  7:30  Adept  
  145  7:31  Adept  
  149  7:42  Pylon  
  149  7:44  Pylon  
Show
View Real Time Build Order
Export as new Build Order

A.I. 1 (Very Easy) Zerg 

Build Orders: Pool First 

Get SALT Encoding   

  12  0:01  Drone  
  13  0:12  Overlord  
  13  0:17  Drone  
  14  0:36  Spawning Pool  
  14  0:37  Extractor  
  14  0:40  Drone  
  13  0:47  Drone  
  14  0:53  Overlord  
  14  1:24  Queen, Zergling x2  
  17  1:33  Roach Warren  
  17  1:36  Drone  
  17  1:40  Extractor  
  17  1:41  Zergling x2  
  17  1:44  Drone  
  18  1:57  Drone  
  18  1:58  Zergling x2  
  20  2:08  Drone  
  21  2:18  Drone  
  22  2:29  Drone  
  23  2:30  Overlord  
  23  2:36  Drone  
  24  2:43  Drone  
  25  4:44  Zergling x2  
  24  5:13  Zergling x2  
  25  5:41  Lair, Overlord, Drone  
  25  5:42  Roach  
  28  5:48  Drone  
  29  5:55  Drone  
  30  6:02  Hatchery, Drone  
  28  6:09  Drone  
  28  6:17  Drone  
  29  6:24  Roach  
  31  6:38  Overseer x2  
  31  7:07  Roach  
  33  7:16  Drone  
  26  7:23  Drone  
  26  7:24  Overlord  
  16  7:30  Drone  
Tags
 
Add a new tag
Caveats
  • Supply blocks, unpowered buildings, or Contaminate may cause inaccurate times.
  • Supply counts are checked every 10 seconds.